 Dungeon Crawl Stone Soup version 0.31.0-11-ge490571c62 (webtiles) character file.

Game seed: 12916268747626574281

8 browni3141 the Firebug (level 2, 19/19 HPs)
             Began as a Demonspawn Fire Elementalist on Jan 30, 2024.
             Got out of the dungeon alive.
             The game lasted 00:00:24 (484 turns).

browni3141 the Firebug (DsFE)                        Turns: 484, Time: 00:00:24

Health: 19/19      AC:  2    Str:  8    XL:     2   Next: 0%
Magic:  5/5        EV: 12    Int: 15    God:
Gold:   39         SH:  0    Dex: 13    Spells: 4/5 levels left

rFire   . . .        (no weapon)
rCold   . . .        (no shield)
rNeg    . . .        a - +0 robe
rPois   .            (no helmet)
rElec   .            (no cloak)
rCorr   .            (no gloves)
SInv    .            (no boots)
Will    .....        (no amulet)
Stlth   ++           (no ring)
HPRegen 0.23/turn    (no ring)
MPRegen 0.09/turn

%: no passive effects
@: no status effects
A: spiny 1
a: no special abilities


You escaped.
You visited 1 branch of the dungeon, and saw 1 of its levels.

You collected 39 gold pieces.

Inventory:

Armour
 a - a +0 robe (worn)
Scrolls
 d - a scroll of teleportation {unknown}
 g - a scroll of immolation {unknown}
 i - a scroll of identify {unknown}
Potions
 b - a potion of magic
 c - 3 potions of haste {unknown}
 e - a potion of lignification {unknown}
 f - a potion of mutation {unknown}
 h - a potion of attraction {unknown}


   Skills:
 + Level 1.9 Dodging
 + Level 2.0 Stealth
 + Level 2.1 Spellcasting
 + Level 1.2 Conjurations
 + Level 2.8 Fire Magic


You had 4 spell levels left.
You knew the following spells:

 Your Spells              Type           Power      Damage    Failure   Level
a - Foxfire               Conj/Fire      28%        2x1d5     10%         1

Your spell library contained the following spells:

 Spells                   Type           Power      Damage    Failure   Level
 Scorch                   Fire           20%        2d5       11%         2
 Inner Flame              Hex/Fire       5%         N/A       36%         3
 Volatile Blastmotes      Fire/Tloc      10%        2d10      36%         3
 Flame Wave               Conj/Fire      7%         2d5       67%         4


Dungeon Overview and Level Annotations

Branches:
Dungeon (1/15)

Altars:


Innate Abilities, Weirdness & Mutations

You are partially covered in sharp spines.


Message History

The foxfire hits the goblin.
You kill the goblin!
You see here a +0 dagger.
d - a scroll labelled BUIRRA REOR
c - 3 viscous red potions (gained 1)
A frilled lizard comes into view.
A frilled lizard is nearby!
A frilled lizard is nearby!
You conjure some foxfire!
The foxfire hits the frilled lizard.
The frilled lizard is heavily wounded.
Your foxfire dissipates!
You conjure some foxfire!
The foxfire hits the frilled lizard.
You kill the frilled lizard!
A kobold comes into view. It is wielding a +0 short sword.
A kobold is nearby!
A kobold is nearby!
A kobold is nearby!
You see here a viscous cyan potion.
You conjure some foxfire!
The foxfire hits the kobold.
The kobold is severely wounded.
The foxfire hits the kobold.
You kill the kobold!
e - a viscous cyan potion
Things that are here:
a +0 short sword; a stone
f - a murky yellow potion
g - a scroll labelled UDIMEN TIK LAE
h - an inky potion A ball python comes into view.
The ball python hisses angrily.
A ball python is nearby!
A ball python is nearby!
You conjure some foxfire!
The ball python completely misses you. The ball python barely misses you.
The ball python bites you. The ball python grabs you.
The ball python constricts you.
You escape the ball python's grasp.
Your foxfire dissipates!
The foxfire hits the ball python.
The ball python is moderately wounded.
You conjure some foxfire!
The ball python barely misses you. The ball python grabs you.
The ball python constricts you.
The foxfire hits the ball python.
You kill the ball python!
Your foxfire dissipates!
HP restored.
You now have 16 gold pieces.
A hobgoblin comes into view.
The hobgoblin shouts!
A hobgoblin is nearby!
A hobgoblin is nearby!
A hobgoblin is nearby!
You conjure some foxfire!
The foxfire hits the hobgoblin.
The hobgoblin is heavily wounded.
Your foxfire dissipates!
You conjure some foxfire!
The foxfire hits the hobgoblin.
The hobgoblin is severely wounded.
The foxfire hits the hobgoblin.
You kill the hobgoblin!
A quokka comes into view.
A quokka is nearby!
A quokka is nearby!
You conjure some foxfire!
The foxfire hits the quokka.
The quokka is severely wounded.
The foxfire hits the quokka.
You kill the quokka!
You see here a quokka corpse.
Found a stone staircase leading down.
i - a scroll labelled FEARRA QIGGID
There is a stone staircase leading down here.
You now have 29 gold pieces (gained 13).
You now have 39 gold pieces (gained 10).
A kobold comes into view. It is wielding a +0 whip.
A kobold is nearby!
A kobold is nearby!
You conjure some foxfire!
The foxfire hits the kobold but does no damage.
The kobold shouts!
The foxfire hits the kobold.
The kobold is moderately wounded.
You conjure some foxfire!
The foxfire hits the kobold.
The kobold is severely wounded.
The foxfire hits the kobold.
You kill the kobold!
Your Stealth skill increases to level 2!
You have reached level 2!
Your demonic ancestry asserts itself...
Sharp spines emerge from parts of your body.
You see here a quokka corpse.
You open the door.
There is an open door here.
You see here a +0 club.
There is a large open door here.
There is a staircase leading out of the dungeon here.
You have escaped!

#.# ####
#P...## #.#
#P.P♣.# #.#
####
#...♣.###.# #.#
##P.+
#.♣.......#
#PP.#
#......####
♣..####......#
#♣...#...P.P.##
#P...'...♣.♣..#
#♣@..'......P.#
#P..P#.P......#
#P..####.....##
#P♣.#P.#.P♣..#
##P.'.♣#.♣...#
#####P#...♣..
## .


P There were no monsters in sight!

Vanquished Creatures
  2 goblins (D:1)
  A hobgoblin (D:1)
  A quokka (D:1)
  A ball python (D:1)
  A frilled lizard (D:1)
  2 kobolds (D:1)
8 creatures vanquished.

Vanquished Creatures (others)
  23 foxfires (D:1)
23 creatures vanquished.

Grand Total: 31 creatures vanquished

Notes
Turn   | Place    | Note
-------+----------+-------------------------------------------
     0 | D:1      | browni3141 the Demonspawn Fire Elementalist began the quest
                  | for the Orb.
     0 | D:1      | Reached XP level 1. HP: 13/13 MP: 3/3
   382 | D:1      | Gained mutation: You are partially covered in sharp spines.
                  | [demonic ancestry]
   382 | D:1      | Reached XP level 2. HP: 19/19 MP: 1/5
   484 | D:$      | Got out of the dungeon alive.

Illustrated notes

Levels and vault maps discovered:
D:1:      denvon_arrival_planthouse, layout_loops_corners, minivault_14,
          st_stairs_3

Skill      XL: |  1 |
---------------+----+-----
Stealth        | 2 |  2.0
Dodging        | |  1.9
Spellcasting   | |  2.1
Conjurations   | |  1.2
Fire Magic     | |  2.8

Action                     || total
---------------------------++-------
   Cast: Foxfire           ||    14
 Armour: Robe              ||     2
  Dodge: Dodged            ||     4
